Map: [TLMC14] Blackburn

Players

Zest

  • Race: Protoss Protoss

TIME (Oliveira) - Winner!

  • Race: Terran Terran

Event: DreamHack SC2 Masters Last Chance 2022

VOD

Have the link to the VOD?

Description

Time

  • Played on: Jan. 11, 2022, 9:08 a.m.
  • Length: 8:01

All games in this series

Show
View Real Time Build Order
Export as new Build Order

Zest Protoss 

Build Orders: 1 Gate Expand, Oracle Opening 

Get SALT Encoding   

  12  0:00  Probe  
  13  0:12  Probe  
  14  0:19  Pylon  
  14  0:24  Probe  
  15  0:37  Probe (Chrono Boost)  
  15  0:40  Gateway  
  16  0:48  Assimilator, Probe (Chrono Boost)  
  17  0:53  Probe (Chrono Boost)  
  18  1:04  Probe  
  19  1:16  Probe  
  20  1:26  Nexus  
  20  1:36  Cybernetics Core  
  20  1:39  Probe  
  21  1:44  Assimilator  
  21  1:51  Probe  
  22  1:55  Pylon  
  22  2:03  Probe  
  23  2:10  Adept (Chrono Boost)  
  25  2:16  Stargate  
  25  2:18  Probe  
  25  2:22  Warp Gate  
  26  2:32  Adept, Probe  
  29  2:38  Shield Battery  
  29  2:41  Probe  
  30  2:44  Probe  
  31  2:53  Probe  
  31  2:56  Oracle (Chrono Boost)  
  31  2:58  Probe  
  33  3:05  Adept  
  38  3:07  Probe  
  38  3:10  Probe  
  40  3:16  Pylon  
  40  3:20  Probe  
  40  3:24  Oracle (Chrono Boost)  
  44  3:34  Gateway  
  44  3:35  Probe x2  
  46  3:48  Probe x2  
  48  3:51  Oracle (Chrono Boost)  
  51  3:56  Pylon  
  51  4:00  Probe x2  
  53  4:07  Pylon  
  53  4:12  Probe  
  53  4:14  Probe  
  56  4:24  Probe  
  56  4:29  Probe  
  56  4:31  Twilight Council, Gateway  
  57  4:34  Assimilator  
  57  4:36  Probe  
  57  4:37  Stalker x2  
  62  4:38  Assimilator  
  62  4:40  Shield Battery  
  46  5:07  Stalker  
  46  5:08  Stalker  
  46  5:13  Probe x2  
  52  5:17  Charge (Chrono Boost)  
  49  5:25  Probe x2  
  51  5:35  Gateway  
  51  5:37  Probe x2  
  51  5:40  Gateway  
  51  5:42  Stalker x3  
  58  5:47  Pylon  
  58  5:49  Probe x2  
  60  6:00  Dark Shrine  
  60  6:01  Probe (Chrono Boost)  
  60  6:02  Pylon  
  62  6:07  Probe (Chrono Boost)  
  62  6:10  Gateway  
  62  6:14  Stalker  
  62  6:15  Stalker  
  66  6:26  Gateway  
  66  6:35  Pylon  
  66  6:36  Zealot x3  
  66  6:37  Zealot  
  62  6:51  Zealot  
  50  7:03  Stalker x4  
  54  7:11  Pylon  
  54  7:16  Dark Templar  
  54  7:20  Dark Templar  
  58  7:32  Zealot  
  58  7:33  Zealot x2  
  64  7:49  Zealot x2  
Show
View Real Time Build Order
Export as new Build Order

TIME Terran - Winner!

Build Orders:  

Get SALT Encoding   

  12  0:00  SCV  
  13  0:13  SCV  
  14  0:17  Supply Depot  
  14  0:25  SCV  
  15  0:39  SCV  
  15  0:41  Barracks  
  16  0:46  Refinery  
  16  0:51  SCV  
  17  0:59  Supply Depot  
  17  1:03  SCV  
  18  1:15  SCV  
  19  1:28  Marine  
  19  1:29  Orbital Command  
  20  1:49  Command Center  
  20  1:50  Barracks Reactor  
  20  1:55  SCV  
  21  2:03  Barracks  
  21  2:07  SCV  
  22  2:13  Refinery  
  22  2:19  SCV  
  23  2:25  Factory  
  23  2:26  Marine  
  23  2:27  Marine  
  25  2:31  SCV  
  26  2:43  SCV  
  27  2:44  Marine x2  
  27  2:51  Barracks Tech Lab  
  29  2:56  SCV  
  30  3:01  Orbital Command  
  30  3:03  Marine  
  30  3:04  Marine  
  32  3:09  Stimpack  
  32  3:13  Starport  
  32  3:15  SCV  
  32  3:17  Factory Reactor, Orbital Command  
  33  3:20  Marine  
  33  3:23  Marine  
  35  3:28  SCV  
  35  3:33  Marine  
  37  3:36  Supply Depot  
  37  3:38  Marine  
  37  3:40  SCV  
  39  3:43  SCV  
  39  3:44  Marine  
  41  3:51  Marine  
  41  3:52  SCV  
  44  3:55  SCV, Marine  
  44  3:57  Medivac x2  
  44  4:02  Supply Depot, Marine  
  49  4:05  SCV  
  49  4:08  SCV  
  52  4:11  Factory Tech Lab  
  52  4:12  Marine  
  52  4:17  Marine  
  52  4:20  Marine  
  52  4:22  SCV x2  
  52  4:29  Marine  
  50  4:35  Marine  
  50  4:37  SCV  
  50  4:38  Marine  
  52  4:43  Barracks  
  52  4:45  Starport Reactor  
  52  4:47  Marine  
  52  4:48  SCV  
  52  4:49  SCV  
  52  4:53  Siege Tank, Marine  
  52  4:56  Marine  
  53  5:00  SCV  
  53  5:05  Marine  
  52  5:11  SCV, Marine  
  52  5:14  Marine  
  53  5:15  SCV  
  55  5:23  SCV, Marine  
  55  5:24  Combat Shield  
  55  5:25  Siege Tank  
  55  5:27  SCV  
  61  5:29  Supply Depot, Marine  
  61  5:31  Refinery  
  62  5:41  SCV x2, Medivac, Marine x2  
  68  5:43  Marine x2  
  69  5:50  Marine  
  69  5:53  SCV x2  
  72  5:58  Marine x2  
  72  6:01  Marine  
  72  6:04  Engineering Bay  
  75  6:05  SCV x2, Marine  
  75  6:10  Supply Depot  
  78  6:13  Marine  
  78  6:18  Marine  
  78  6:21  Marine  
  78  6:40  SCV, Marine  
  78  6:46  Marine  
  80  6:47  SCV  
  80  6:51  Marine  
  80  6:53  Marine  
  77  6:58  Marine  
  77  7:00  SCV  
  74  7:02  SCV, Marine  
  71  7:12  SCV, Marine  
  71  7:13  Marine  
  71  7:14  SCV, Siege Tank  
  71  7:15  Medivac x2  
  80  7:18  Supply Depot  
  80  7:19  Marine x2  
  80  7:20  Marine  
  83  7:24  SCV  
  83  7:26  SCV  
  85  7:30  Marine  
  85  7:31  Command Center  
  85  7:35  Refinery  
  85  7:36  Missile Turret  
  86  7:37  Missile Turret  
  86  7:39  SCV  
  86  7:42  SCV  

Tags
 
Add a new tag
Caveats
  • Supply blocks, unpowered buildings, or Contaminate may cause inaccurate times.
  • Supply counts are checked every 10 seconds.